 Dungeon Crawl Stone Soup version 0.31-a0-714-g975ee84 (webtiles) character file.

Game seed: 16631446341820030848

1092 BarneyGumball the Magician (level 8, -1/52 HPs)
             Began as a Djinni Fire Elementalist on Sept 9, 2023.
             Slain by Pikel
             ... wielding a +2 whip of flaming
              (10 damage)
             ... on level 5 of the Dungeon.
             The game lasted 00:14:15 (3254 turns).

BarneyGumball the Magician (DjFE)                   Turns: 3254, Time: 00:14:15

Health: -1/52      AC:  8    Str:  7    XL:     8   Next: 56%
Gold:   238        EV: 12    Int: 20    God:
                   SH:  0    Dex: 13

rFire   + + +        g - +0 dagger
rCold   . . .        (no shield)
rNeg    . . .        i - +0 steam dragon scales
rPois   ∞            a - +2 helmet {SInv}
rElec   .            (no cloak)
rCorr   .            (no gloves)
SInv    +            (boots unavailable)
Will    .....        (no amulet)
Stlth   ++           d - ring of protection from fire
HPRegen 0.28/turn    j - ring of protection from cold
MPRegen 0.00/turn

%: infuse magic (-2 HP)
@: flying, studying Ranged Weapons
A: sickness immunity, fire resistance 2, cold vulnerability 1, float, innate
caster, HP casting, extra vitality 1
a: no special abilities


You were on level 5 of the Dungeon.
You visited 1 branch of the dungeon, and saw 5 of its levels.

You collected 238 gold pieces.

Inventory:

Hand Weapons
 g - a +0 dagger (weapon)
Missiles
 u - 2 throwing nets
 v - 3 poisoned darts
Armour
 a - a +2 helmet of see invisible (worn)
 i - +0 steam dragon scales (worn)
Jewellery
 d - a ring of protection from fire (left hand)
 j - a ring of protection from cold (right hand)
 t - a ring of positive energy
 w - a ring of willpower
Wands
 y - a wand of iceblast (8)
Scrolls
 c - 4 scrolls of identify {unknown}
 f - a scroll of enchant weapon {unknown}
 h - a scroll of fear {unknown}
 l - 2 scrolls of amnesia {unknown}
 m - 4 scrolls of revelation {unknown}
 o - a scroll of fog {unknown}
 q - a scroll of brand weapon {unknown}
 z - a scroll of enchant armour {unknown}
Potions
 b - a potion of enlightenment {unknown}
 k - a potion of haste {unknown}
 n - a potion of invisibility {unknown}
 p - a potion of cancellation {unknown}
 r - 2 potions of degeneration {unknown}
 s - a potion of might {unknown}
 x - a potion of brilliance {unknown}


   Skills:
 + Level 1.6 Fighting
 + Level 1.6 Armour
 + Level 3.0 Dodging
 - Level 1.5 Stealth
 - Level 7.3 Spellcasting
 - Level 7.3 Conjurations
 - Level 7.3 Hexes
 - Level 7.3 Summonings
 - Level 7.3 Necromancy
 - Level 7.3 Translocations
 - Level 7.3 Transmutations
 - Level 7.3 Fire Magic
 - Level 7.3 Ice Magic
 - Level 7.3 Air Magic
 - Level 7.3 Earth Magic
 - Level 7.3 Poison Magic


You knew the following spells:

 Your Spells              Type           Power      Damage    Failure   Level
a - Foxfire               Conj/Fire      100%       2x1d9     1%          1
b - Scorch                Fire           72%        2d8       1%          2
c - Volatile Blastmotes   Fire/Tloc      72%        2d16      1%          3
d - Inner Flame           Hex/Fire       36%        N/A       1%          3
e - Flame Wave            Conj/Fire      36%        2d10      4%          4
f - Sting                 Tmut/Pois      100%       1d8       1%          1
g - Wereblood             Tmut           36%        N/A       1%          2
h - Searing Ray           Conj           72%        2d7       1%          2
Your spell library was empty.

Dungeon Overview and Level Annotations

Branches:
Dungeon (5/15)
 Temple: D:4-7

Altars:

Shops:
D:1 ?   D:4 *(

Annotations:
D:5 Pikel


Innate Abilities, Weirdness & Mutations

You are immune to sickness and miasma.
You are immune to poison.
Your flesh is very heat resistant. (rF++)
You are vulnerable to cold. (rC-)
You float through the air rather than walking.
You learn spells naturally, not from books.
Your magical power is your life essence.
You have superior vitality. (+4 MHP)


Message History

A scorpion comes into view.
Pikel is engulfed in blazing flames.
Flame seeps out of Pikel.
Pikel hits you with a +2 whip of flaming.
* * * LOW HITPOINT WARNING * * *
It was a potion of curing.
You feel better.
The foxfire hits Pikel.
Flame seeps out of Pikel.
Pikel is severely wounded.
The foxfire hits Pikel but does no damage.
Pikel is severely wounded.
The lemure barely misses you.
Pikel is engulfed in blazing flames.
Flame seeps out of Pikel.
Pikel hits you with a +2 whip of flaming.
* * * LOW HITPOINT WARNING * * *
You feel better. The lemure hits you but does no damage.
Pikel hits you with a +2 whip of flaming!
* * * LOW HITPOINT WARNING * * *
Casting: Foxfire (safe; 1% risk of failure)
Confirm with . or Enter, or press ? or * to list all spells.
You conjure some foxfire!
* * * LOW HITPOINT WARNING * * *
The lemure is no longer more vulnerable to fire.
The foxfire hits the scorpion.
The scorpion is lightly wounded.
The lemure barely misses you. Pikel barely misses you.
You feel better.
The foxfire hits the lemure.
Flame seeps out of the lemure.
The lemure is almost dead.
The lemure is engulfed in blazing flames.
That felt strangely unrewarding.
The lemure explodes!
The fiery explosion engulfs the scorpion!!!
You kill the scorpion!
The fiery explosion engulfs you. You resist.
* * * LOW HITPOINT WARNING * * *
Pikel hits you with a +2 whip of flaming!
* * * LOW HITPOINT WARNING * * *
Your Dodging skill increases to level 3!
You feel better.
Pikel hits you with a +2 whip of flaming!
You die...
Pikel says, "Another soul for the market."

#..# #..###.# #..#...#
#.. ... #.# ... #.# #.#
# #.#######.# #.# .#
#......)..###§###.##.##
#####.####..K@○.......#
########.# #.##§...$##.
....<†...# #.#####.°#
########.# #.# .°# #.#
#.# ..# #.# #.# ..# #.#
#.# ..# ... ..# ..$ #..
(##


You could see Pikel (inner flame).

Vanquished Creatures
  Grinder (D:4)
  Sigmund (D:2)
  Edmund (D:4)
  4 lemures (D:5)
  Blork the orc (D:4)
  2 scorpions
  2 orc priests (D:4)
  3 iguanas
  An orc wizard (D:4)
  Terence (D:2)
  Robin (D:2)
  4 gnolls
  7 adders
  2 ufetubi (D:4)
  A worm (D:4)
  4 dart slugs
  11 orcs
  11 bats
  4 endoplasms
  2 giant cockroaches (D:3)
  14 goblins
  17 hobgoblins
  9 jackals
  6 kobolds
  A quokka (D:2)
  9 ball pythons
  3 frilled lizards (D:2)
  4 rats
127 creatures vanquished.

Vanquished Creatures (others)
  392 foxfires
392 creatures vanquished.

Grand Total: 519 creatures vanquished

Notes
Turn   | Place    | Note
-------+----------+-------------------------------------------
     0 | D:1      | BarneyGumball the Djinni Fire Elementalist began the quest
                  | for the Orb.
     0 | D:1      | BarneyGumball set off with the following spells memorised:
                  | Foxfire, Scorch, Volatile Blastmotes, Inner Flame, Flame
                  | Wave.
     0 | D:1      | Reached XP level 1. HP: 15/15 MP: 0/0
    86 | D:1      | Reached XP level 2. HP: 19/21 MP: 0/0
   415 | D:1      | Found Yddeblasm's Magic Scroll Shop.
   547 | D:1      | Reached XP level 3. HP: 23/25 MP: 0/0
   547 | D:1      | Learned a level 1 spell: Sting
   922 | D:2      | Found a faded altar of an unknown god.
  1007 | D:2      | Reached XP level 4. HP: 29/31 MP: 0/0
  1064 | D:2      | Noticed Sigmund
  1135 | D:2      | Noticed Terence
  1147 | D:2      | Killed Terence
  1324 | D:2      | Reached XP level 5. HP: 29/35 MP: 0/0
  1324 | D:2      | Learned a level 2 spell: Wereblood
  1329 | D:2      | Noticed Robin
  1332 | D:2      | Killed Robin
  1357 | D:2      | Killed Sigmund
  1358 | D:2      | Reached skill level 5 in Spellcasting
  1358 | D:2      | Reached skill level 5 in Conjurations
  1358 | D:2      | Reached skill level 5 in Hexes
  1358 | D:2      | Reached skill level 5 in Summonings
  1358 | D:2      | Reached skill level 5 in Necromancy
  1358 | D:2      | Reached skill level 5 in Translocations
  1358 | D:2      | Reached skill level 5 in Transmutations
  1358 | D:2      | Reached skill level 5 in Fire Magic
  1358 | D:2      | Reached skill level 5 in Ice Magic
  1358 | D:2      | Reached skill level 5 in Air Magic
  1358 | D:2      | Reached skill level 5 in Earth Magic
  1358 | D:2      | Reached skill level 5 in Poison Magic
  1358 | D:2      | Reached XP level 6. HP: 15/40 MP: 0/0
  2001 | D:3      | Reached XP level 7. HP: 41/45 MP: 0/0
  2001 | D:3      | Learned a level 2 spell: Searing Ray
  2397 | D:4      | Noticed Blork the orc
  2401 | D:4      | Noticed Edmund
  2402 | D:4      | Killed Blork the orc
  2408 | D:4      | Killed Edmund
  2415 | D:4      | Noticed Grinder
  2544 | D:4      | Killed Grinder
  2545 | D:4      | Reached XP level 8. HP: 42/50 MP: 0/0
  2653 | D:4      | Found Madil's Weapon Shop.
  2799 | D:4      | Reached skill level 1 in Fighting
  2799 | D:4      | Reached skill level 1 in Armour
  2999 | D:4      | Found Janaor's General Store.
  3162 | D:5      | Entered Level 5 of the Dungeon
  3245 | D:5      | Noticed Pikel
  3254 | D:5      | Slain by Pikel

Illustrated notes

Levels and vault maps discovered:
D:1:      lightli_arrival_noodles, layout_basic, serial_shops,
          nicolae_square_shop, minmay_pentomino_u4
D:2:      layout_basic, hellmonk_ecumenical_altar_run_dry, uniq_sigmund,
          uniq_terence, uniq_robin
D:3:      layout_basic, serial_glass, glass_columns_a, glass_columns_a,
          grunt_ministairs_6
D:4:      layout_basic, serial_shops, shop, nicolae_shop_just_a_little_nook,
          grunt_decor_cap, minmay_misc_feat_diagonals, uniq_blork_the_orc,
          uniq_edmund, uniq_grinder
D:5:      layout_loops_ring, makhleb_heckhound_becter,
          mainiacjoe_overflow_paths, minmay_temple_entry_stoned_glass,
          amethyst_killhole, uniq_pikel, uniq_ijyb

Skill      XL: |  1  2  3  4  5  6  7  8 |
---------------+-------------------------+-----
Spellcasting   | 4 5 7 |  7.3
Conjurations   | 4 5 7 |  7.3
Hexes          | 4 5 7 |  7.3
Summonings     | 4 5 7 |  7.3
Necromancy     | 4 5 7 |  7.3
Translocations | 4 5 7 |  7.3
Transmutations | 4 5 7 |  7.3
Fire Magic     | 4 5 7 |  7.3
Ice Magic      | 4 5 7 |  7.3
Air Magic      | 4 5 7 |  7.3
Earth Magic    | 4 5 7 |  7.3
Poison Magic   | 4 5 7 |  7.3
Fighting       | 1 |  1.6
Armour         | 1 |  1.6
Dodging        | 3 |  3.0
Stealth        | |  1.5

Action                     |  1- 3 |  4- 6 |  7- 9 || total
---------------------------+-------+-------+-------++-------
  Melee: Unarmed           |     1 |       |       ||     1
         Dagger            |     2 |     6 |     4 ||    12
   Cast: Foxfire           |    60 |    97 |    71 ||   228
         Scorch            |       |     3 |     1 ||     4
         Inner Flame       |       |     3 |    13 ||    16
    Use: Potion            |       |       |     4 ||     4
 Armour: Robe              |     2 |       |       ||     2
         Steam dragon scal |     4 |    10 |    25 ||    39
  Dodge: Dodged            |    12 |    14 |    10 ||    36

Table legend: (Time is in decaauts)
 A = Elapsed time spent in this place.
 B = Non-inter-level travel time spent in this place.
 C = Inter-level travel time spent in this place.
 D = Time resting spent in this place.
 E = Time spent auto-exploring this place.
 F = Levels seen in this place.
 G = Mean time per level.
                   A        B        C        D        E       F      G
               +--------+--------+--------+--------+--------+-----+--------+
         Total |   3253 |   3072 |    181 |    336 |   2113 |   5 |  650.6 |
       Dungeon |   3253 |   3072 |    181 |    336 |   2113 |   5 |  650.6 |
               +--------+--------+--------+--------+--------+-----+--------+

Top non-repeatable levels by time:
     D:1: 851 daAuts
     D:2: 820 daAuts
     D:3: 797 daAuts
     D:4: 691 daAuts
     D:5: 91 daAuts
